 Dungeon Crawl Stone Soup version 0.28-a0-2-g643f2454ad (webtiles) character file.

Game seed: 7850482475590719673

0 Spectrina the Sneak (level 1, -5/20 HPs)
             Began as a Djinni Delver on July 23, 2021.
             Was an Initiate of Ashenzari.
             Slain by a water moccasin (9 damage)
             ... on level 5 of the Dungeon.
             The game lasted 00:01:52 (154 turns).

Spectrina the Sneak (Djinni Delver)                  Turns: 154, Time: 00:01:53

Health: -5/20      AC:  3    Str: 11    XL:     1   Next: 0%
Gold:   7          EV: 12    Int: 11    God:    Ashenzari [......] SH:  0 Dex: 14

rFire   + + .      SeeInvis .     - Unarmed
rCold   x . .      Faith    .   (no shield)
rNeg    . . .      Spirit   .   a - +0 leather armour
rPois   ∞          Reflect  .   (no helmet)
rElec   .          Harm     .   (no cloak)
rCorr   .          Rampage  .   (no gloves)
Will    .....                   (boots unavailable)
Stlth   ++........              (no amulet)
HPRegen 0.06/turn               (no ring)
MPRegen 0.00/turn               (no ring)

@: flying, hasted, very quick
A: sickness immunity, fire resistance 2, cold vulnerability 1, float, innate
caster, hp casting, extra vitality 1
a: Renounce Religion


You were on level 5 of the Dungeon.
You worshipped Ashenzari.
Ashenzari was noncommittal.
You visited 2 branches of the dungeon, and saw 2 of its levels.

You collected 7 gold pieces.

Inventory:

Missiles
 g - 15 stones (quivered)
Armour
 a - a +0 leather armour (worn)
Wands
 f - a wand of digging (3)
Scrolls
 b - a scroll of fog
 c - a scroll of magic mapping


   Skills:
 - Level 3.0 Fighting
 - Level 2.1 Dodging
 - Level 4.1 Stealth
 - Level 2.0 Unarmed Combat
 + Level 0.0 Spellcasting


You couldn't memorise any spells.
You didn't know any spells.
Your spell library was empty.

Dungeon Overview and Level Annotations

Branches:
Dungeon (5/15)             Temple (1/1) D:5

Altars:
Ashenzari
Elyvilon
Gozag
Makhleb
Vehumet

Annotations:
D:5 2 runed translucent doors


Innate Abilities, Weirdness & Mutations

You are immune to sickness and miasma.
You are immune to poison.
Your flesh is very heat resistant. (rF++)
You are vulnerable to cold. (rC-)
You float through the air rather than walking.
You learn spells naturally, not from books.
Your magical power is your life essence.
You have superior vitality. (+4 HP)


Message History

The water moccasin bites you but does no damage.
You bump into the rock wall.
The water moccasin bites you.
You bump into the rock wall.
The water moccasin barely misses you.
You bump into the rock wall.
The water moccasin bites you.
You bump into the rock wall.
The water moccasin bites you.
You miss the water moccasin. The water moccasin barely misses you.
You bump into the rock wall.
You feel less invigorated.
You feel less confused.
The water moccasin bites you but does no damage.
You closely miss the water moccasin.
Unknown command.
Okay, then.
Okay, then.
You aren't carrying any potions.
Unknown command.
You barely miss the water moccasin. The water moccasin bites you.
You hit the water moccasin.
The water moccasin is lightly wounded.
The water moccasin bites you!
You closely miss the water moccasin.
The water moccasin is lightly wounded.
The water moccasin closely misses you.
You barely miss the water moccasin.
The water moccasin is lightly wounded.
The water moccasin bites you.
* * * LOW HITPOINT WARNING * * *
You hit the water moccasin but do no damage.
The water moccasin is lightly wounded.
The water moccasin completely misses you.
You miss the water moccasin.
The water moccasin is lightly wounded.
The water moccasin completely misses you.
You barely miss the water moccasin.
The water moccasin is lightly wounded.
The water moccasin bites you.
* * * LOW HITPOINT WARNING * * *
You hit the water moccasin.
The water moccasin is lightly wounded.
The water moccasin bites you!
You die...

### #@#
#S# .. #Z#
..# #.##
#..# #..#
##..Z. S
##..##...#
.
#.#......#
.
#.......#
.
#.####.##
#...


You could see a water moccasin and a hound skeleton.

Vanquished Creatures (others)
  4 plants (D:5)
4 creatures vanquished.

Notes
Turn   | Place    | Note
-------+----------+-------------------------------------------
     0 | D:5      | Spectrina the Djinni Delver began the quest for the Orb.
     0 | D:5      | Reached XP level 1. HP: 20/20 MP: 0/0
     0 | D:5      | Noticed a howler monkey
    31 | D:5      | Found a staircase to the Ecumenical Temple.
    40 | Temple   | Entered the Ecumenical Temple
    55 | Temple   | Became a worshipper of Ashenzari the Shackled
    93 | D:5      | Noticed a water moccasin
   110 | D:5      | Noticed a water moccasin zombie
   154 | D:5      | Slain by a water moccasin

Illustrated notes

Levels and vault maps discovered:
D:5:      layout_layer_cave, minmay_temple_entry_gardened_gates,
          minmay_hollow_rounded_squares
Temple:   nicolae_temple_elliptical

Action                   || total
-------------------------++-------
Melee: Unarmed           ||    24
  Use: Potion            ||     2
       Scroll            ||     1
Armor: Leather armour    ||     4
Dodge: Dodged            ||    16

Table legend: (Time is in decaauts)
 A = Elapsed time spent in this place.
 B = Non-inter-level travel time spent in this place.
 C = Inter-level travel time spent in this place.
 D = Time resting spent in this place.
 E = Time spent auto-exploring this place.
 F = Levels seen in this place.
 G = Mean time per level.
                   A        B        C        D        E       F      G
               +--------+--------+--------+--------+--------+-----+--------+
         Total |    144 |    144 |      0 |      0 |      0 |   2 |   72.0 |
       Dungeon |    114 |    114 |      0 |      0 |      0 |   1 |  114.0 |
        Temple |     29 |     29 |      0 |      0 |      0 |   1 |   29.0 |
               +--------+--------+--------+--------+--------+-----+--------+

Top non-repeatable levels by time:
     D:5: 114 daAuts
  Temple: 29 daAuts
